 Dungeon Crawl Stone Soup version 0.30-b1-2-g02819fbbbe (webtiles) character file.

Game seed: 17194582752134183752

388257 LLlMATKO the Acrobat (level 22, -7/209 (217) HPs)
             Began as a Minotaur Berserker on June 1, 2023.
             Was a High Priest of Trog.
             Killed from afar by a deep elf death mage (25 damage)
             ... with a bolt of negative energy
             ... summoned by a shadow demon
             ... summoned by a deep elf demonologist
             ... on level 3 of the Elven Halls.
             The game lasted 01:04:11 (50330 turns).

LLlMATKO the Acrobat (Minotaur Berserker)          Turns: 50330, Time: 01:04:12

HP:   -7/209 (217)  AC: 49    Str: 34    XL:     22   Next: 4%
MP:   21/21         EV: 18    Int:  9    God:    Trog [*****.]
Gold: 2090          SH: 26    Dex: 15    Spells: 21/21 levels left

rFire   x . .        L - +6 broad axe (flame)
rCold   + . .        T - +1 tower shield {reflect}
rNeg    . . .        Q - +8 orange crystal plate armour {Archmagi, Int+3 Clar}
rPois   +            o - +3 crown of Dyrovepreva {rElec Int+2 SInv}
rElec   +            M - +2 cloak {rPois}
rCorr   .            c - +1 pair of gloves
SInv    +            W - +1 pair of boots {rampage}
Will    +....        R - amulet of the Tormentor {Reflect rElec SH+5} Stlth
                     Z - ring of ice
HPRegen 0.54/turn    U - +6 ring of strength
MPRegen 0.17/turn

%: reflection, clarity, rampage, archmagi
@: about to teleport, on berserk cooldown, slowed, studying Dodging, lightly
drained, very slow
A: horns 2, retaliatory headbutt
}: 2/15 runes: decaying, serpentine
a: Renounce Religion, Berserk, Trog's Hand, Brothers in Arms


You were on level 3 of the Elven Halls.
You worshipped Trog.
Trog was extremely pleased with you.
You visited 7 branches of the dungeon, and saw 37 of its levels.
You visited the Abyss 3 times.
You also visited: Trove, Bailey and Ice Cave.

You collected 7228 gold pieces.
You spent 5138 gold pieces at shops.

Inventory:

Hand Weapons
 b - a +2 demon whip of freezing
 m - the +3 sling of Uncomfortable Rashes {heavy, Dex+3}
   (You bought it in a shop on level 1 of the Orcish Mines)

   Dex:       It affects your dexterity (+3).
 L - a +6 broad axe of flaming (weapon)
Missiles
 l - 37 poisoned darts (quivered)
 u - 4 silver javelins
 x - 8 throwing nets
 B - 9 atropa-tipped darts
 J - a curare-tipped dart
 P - 3 boomerangs of dispersal
Armour
 c - a +1 pair of gloves (worn)
 o - the +3 crown of Dyrovepreva (worn) {rElec Int+2 SInv}
   (You found it on level 1 of the Lair of Beasts)

   Int:       It affects your intelligence (+2).
   rElec:     It insulates you from electricity.
   SInv:      It lets you see invisible.
 H - a +1 plate armour of willpower
 M - a +2 cloak of poison resistance (worn)
 O - a +3 plate armour of fire resistance
 Q - the +8 orange crystal plate armour (worn) {Archmagi, Int+3 Clar}
   (You acquired it on level 1 of the Orcish Mines)

   Int:       It affects your intelligence (+3).
   Clar:      It protects you from confusion, rage, mesmerisation and fear.
 T - a +1 tower shield of reflection (worn)
 W - a +1 pair of boots of rampaging (worn)
Jewellery
 p - a ring of flight
 w - the ring of Diqokh {rF+ Int+3}
   (You found it on level 4 of the Vaults)

   [ring of protection from fire]

   Int:       It affects your intelligence (+3).
   rF:        It protects you from fire.
 N - a ring of protection from fire
 R - the amulet of the Tormentor (around neck) {Reflect rElec SH+5}
   (You bought it in a shop on level 2 of the Orcish Mines)

   [amulet of reflection]

   It reflects blocked missile attacks.
   rElec:     It insulates you from electricity.
   SH:        It affects your SH (+5).
 U - a +6 ring of strength (right hand)
 V - a ring of see invisible
 Z - a ring of ice (left hand)
Wands
 a - a wand of flame (126)
 e - a wand of digging (4)
 y - a wand of mindburst (25)
 D - a wand of roots (44)
 F - a wand of paralysis (19)
 K - a wand of acid (40)
 Y - a wand of polymorph (14)
Scrolls
 d - 17 scrolls of teleportation
 g - 29 scrolls of identify
 h - 7 scrolls of brand weapon
 k - 12 scrolls of blinking
 q - 4 scrolls of enchant weapon
 s - 5 scrolls of enchant armour
 E - 2 scrolls of silence
 G - 3 scrolls of poison
 I - 4 scrolls of fog
 S - 2 scrolls of summoning
 X - 5 scrolls of fear
Potions
 f - 3 potions of resistance
 i - 14 potions of heal wounds
 j - 13 potions of flight
 n - 4 potions of cancellation
 r - 6 potions of might
 t - 9 potions of curing
 v - 4 potions of invisibility
 z - 6 potions of magic
 A - 5 potions of ambrosia
 C - 4 potions of haste


   Skills:
 + Level 22.9 Fighting
 + Level 22.9 Axes
 + Level 22.7 Armour
 + Level 25.6 Dodging
 + Level 16.4 Shields


You had 21 spell levels left.
You didn't know any spells.
Your spell library was empty.

Dungeon Overview and Level Annotations

Branches:
Dungeon (15/15)            Temple (0/1) D:5            Lair (5/5) D:11
  Swamp (4/4) Lair:2        Snake (4/4) Lair:2        Slime (0/5) Lair:5
    Orc (2/2) D:11            Elf (3/3) Orc:2        Vaults (4/5) D:14
  Crypt (0/3) Vaults:2     Depths (0/4) D:15         Bailey (visited)
  IceCv (visited)

Altars:
Kikubaaqudgha
Uskayaw
Vehumet
Wu Jian
Yredelemnul
Jiyva

Shops:
D:2 *   D:9 =:   D:15 :   Orc:1 !((?(   Orc:2 ([*=   Snake:1 *   Vaults:1 !
Vaults:2 (


Innate Abilities, Weirdness & Mutations

You have a pair of horns on your head.
You reflexively headbutt those who attack you in melee.


Message History

The deep elf demonologist casts a spell.
The balrug gestures at you. The bolt of fire hits you!
The fire burns you terribly!
* * * LOW HITPOINT WARNING * * *
The deep elf pyromancer casts a spell.
A deep elf sorcerer comes into view.
It is wielding the +1 quarterstaff of War {pain, *Noise Int+6}.
The deep elf annihilator mumbles some strange words.
The deep elf annihilator blinks!
The deep elf elementalist gestures at you while chanting.
Some walls begin to move on their own!
You hear a shout!
Okay, then.
As you read the scroll of teleportation, it crumbles to dust.
You feel strangely unstable.
The deep elf elementalist points at you and mumbles some strange words.
Some walls begin to move on their own!
The deep elf demonologist gestures wildly while chanting.
The deep elf annihilator gestures wildly while chanting.
The deep elf annihilator blinks!
The shadow demon gestures.
The balrug gestures at you.
The bolt of fire hits you but does no damage.
The deep elf knight mumbles some strange words.
The deep elf knight seems to speed up.
You hear a shout! x2
Unknown command.
Unknown command.
You feel much better.
The deep elf knight dissolves into shadows!
The deep elf blademaster hits you with a +3 rapier!
* * * LOW HITPOINT WARNING * * *
The deep elf blademaster hits you with a +3 rapier!
* * * LOW HITPOINT WARNING * * *
You block the balrug's attack.
You block the deep elf blademaster's attack. x2
The deep elf demonologist gestures wildly while chanting.
The deep elf death mage casts a spell at you.
The bolt of negative energy hits the balrug.
The balrug completely resists.
The bolt of negative energy hits you!!
You feel drained.
You die...

##..)....##
#....
#....3..#
##...
##E)32e##
#...
#.e).e.#
##.#
##.)e..##
#.#
#..E)).#
###
#..e)ยง.#
##Ee22##
#@e## #...#
#.#E# ###e#
#(# #.eE#
#..e..#
#.......#
#.........#


You could see a deep elf blademaster, a reaper (summoned), a balrug (summoned),
3 deep elf annihilators, a deep elf death mage (summoned), a deep elf sorcerer
(fast), a deep elf elementalist (repels missiles), a shadow demon (summoned), a
deep elf demonologist, 3 earth elementals, a water elemental (summoned), a deep
elf pyromancer, a deep elf zephyrmancer (summoned), a fire elemental (summoned),
a neqoxec (summoned) and a ynoxinul (summoned).

Vanquished Creatures
  An ancient lich (Vaults:1)
  A shard shrike (IceCv)
  Vashnia (Snake:3)
  The ghost of eruonna the Slayer, a veteran HOBe of Trog (Vaults:1)
  A bone dragon (Abyss:3)
  Mlioglotl (Snake:2)
  2 tentacled monstrosities (Abyss:3)
  2 deep elf blademasters (Elf:3)
  A quicksilver dragon (Abyss:3)
  2 deep elf master archers (Elf:3)
  3 sphinxes
  4 thorn hunters (Swamp:4)
  7 tentacled starspawn (Abyss:3)
  The ghost of diceflayer the Warrior, an adept DsHu of Okawaru (Swamp:1)
  14 nagarajas
  Donald (Elf:2)
  An azure jelly (Vaults:1)
  Aizul (Snake:2)
  A frost giant (Vaults:1)
  The ghost of darkwiz the Necromancer, a journeyman DsCK of Xom (Swamp:1)
  Louise (Swamp:3)
  12 vault wardens
  15 ironbound preservers
  7 deep elf sorcerers
  2 orc warlords (Orc:2)
  2 quicksilver oozes (Vaults:1)
  5 deep elf elementalists
  2 reapers (Abyss:3)
  3 war gargoyles
  13 ironbound thunderhulks
  3 stone giants
  6 eleionomae
  8 dire elephants
  A green draconian (Abyss:3)
  A white draconian (IceCv)
  2 bunyips (Swamp:2)
  5 deep elf annihilators
  4 deep elf death magi
  An ettin (D:15)
  8 great orbs of eyes
  A crystal guardian (Elf:1)
  4 deep elf high priests
  5 yaktaur captains
  Erolcha (D:11)
  15 hydras
  4 salamander tyrants
  7 vault guards
  2 peacekeepers
  Harold (D:9)
  An ice dragon (IceCv)
  12 ironbound frosthearts
  4 boulder beetles
  6 anacondas
  5 ghost crabs
  A tengu warrior (D:14)
  11 alligators
  10 centaur warriors
  4 catoblepae
  3 two-headed ogres
  7 death yaks (Lair:5)
  A deep troll shaman (Lair:5)
  16 naga warriors
  32 dancing weapons
  25 naga sharpshooters
  5 shock serpents
  A thrashing horror (Abyss:3)
  The ghost of Alarkh the Geomancer, a novice DsEE of Uskayaw (D:9)
  A hell knight (D:15)
  15 deep elf knights
  5 orc high priests
  A shadow wraith (Abyss:3)
  2 skysharks (Lair:5)
  2 spatial maelstroms (Abyss:3)
  A spectral anaconda (Snake:3)
  3 wretched stars (Abyss:3)
  2 glowing orange brains
  2 salamander mystics
  3 spriggan druids
  9 swamp dragons (Swamp:4)
  4 goliath frogs
  25 deep trolls
  10 deep elf archers
  A flayed ghost (Vaults:4)
  A shadow demon (Abyss:3)
  10 bog bodies
  2 naga ritualists
  An orange crystal statue (IceCv)
  An anaconda skeleton (Snake:3)
  4 harpies
  3 orc knights (Orc:2)
  11 lindwurms
  10 wizards
  Pikel (D:4)
  16 ironbound convokers
  26 deep elf pyromancers
  3 necromancers
  22 deep elf zephyrmancers
  8 mana vipers
  5 orc sorcerers
  36 ugly things
  An oklob plant (Lair:4)
  4 will-o-the-wisps
  A worldbinder (Abyss:3)
  A wolf spider (D:15)
  23 salamanders
  2 cyclopes
  A manticore (D:12)
  23 elephants
  Joseph (D:12)
  Maurice (D:12)
  A centaur zombie (D:9)
  A guardian serpent (shapeshifter) (D:14)
  A demonic crawler (Abyss:3)
  An eye of devastation (Vaults:1)
  2 guardian serpents (Snake:4)
  14 naga magi
  29 black mambas
  A spectral sea snake (Snake:3)
  2 ice statues (Swamp:4)
  3 gargoyles
  10 cane toads
  Psyche (D:12)
  20 vault sentinels
  3 kobold demonologists
  19 yaktaurs
  An efreet (D:14)
  21 rime drakes
  5 komodo dragons
  An unseen horror (D:11)
  4 ancient zymes (Abyss:3)
  4 freezing wraiths
  3 sea snake skeletons (Snake:3)
  An anaconda simulacrum (Snake:3)
  2 tengu conjurers (D:14)
  5 trolls
  22 polar bears
  10 hornets
  8 blink frogs
  4 raiju (Abyss:3)
  A spectral guardian serpent (Snake:3)
  Grinder (D:5)
  10 dream sheep
  7 tyrant leeches
  43 slime creatures
  3 air elementals
  4 centaur simulacra
  A guardian serpent skeleton (Snake:3)
  A ynoxinul (Abyss:3)
  6 spriggans
  2 vampires
  A shadow (D:13)
  2 water elementals
  18 yaks
  5 fire elementals
  17 humans (D:14)
  Grum (D:11)
  3 wraiths
  2 basilisks
  3 wyverns
  A steam dragon (D:6)
  14 vampire mosquitoes
  3 neqoxecs (Abyss:3)
  11 large abominations (Abyss:3)
  3 spatial vortices (Abyss:3)
  A sea snake simulacrum (Snake:3)
  3 wargs (Orc:1)
  4 acid dragons
  12 swamp worms
  48 nagas
  Duvessa (D:5)
  2 guardian serpent simulacra (Snake:3)
  A naga skeleton (Snake:3)
  8 swamp drakes
  13 water moccasins
  An ice beast (D:8)
  37 orc warriors
  10 ogres
  2 sky beasts
  19 wolves
  20 starcursed masses (Abyss:3)
  6 centaurs
  6 phantoms
  4 lemures (D:4)
  4 kobold brigands
  6 bullfrogs
  3 gnoll sergeants
  8 earth elementals
  3 scorpions
  5 wights (D:8)
  Dowan (D:5)
  6 killer bees (D:8)
  5 small abominations (Abyss:3)
  3 spectral nagas (Snake:3)
  5 howler monkeys
  An electric eel (D:9)
  A quasit (Abyss:3)
  A hound (D:6)
  2 gnoll boudas
  3 jellies
  20 orc priests
  An iron imp (Abyss:3)
  An iguana (D:5)
  A sleepcap (D:4)
  30 orc wizards
  10 adders
  26 gnolls
  2 naga simulacra (Snake:3)
  4 white imps
  3 ufetubi
  3 worms
  3 dart slugs
  85 orcs
  5 endoplasms
  A giant cockroach (D:3)
  19 goblins
  9 hobgoblins
  2 jackals (D:3)
  31 kobolds
  7 quokkas
  3 ball pythons
  4 bats
  15 frilled lizards
  9 rats
  15 briar patches (Swamp:4)
  16 bushes (D:5)
  A lurking horror (Abyss:3)
  4 starspawn tentacles (Abyss:3)
1584 creatures vanquished.

Vanquished Creatures (collateral kills)
  An Executioner (Abyss:3)
  A nagaraja (Snake:4)
  A slime creature (Vaults:1)
  The ghost of dxctxrx the Unseen, an adept SpEn of Uskayaw (Snake:4)
  The ghost of Termiter the Reanimator, a journeyman DsNe of Nemelex Xobeh (D:11)
  A hydra (Swamp:4)
  2 salamander tyrants (Snake:4)
  A naga warrior (Snake:4)
  An orc high priest (Orc:2)
  2 large abominations (Abyss:3)
  A deep troll (Vaults:2)
  A black mamba (Snake:3)
  A guardian serpent (Snake:4)
  A polar bear (D:11)
  3 spriggans (D:11)
  A centaur simulacrum (D:9)
  2 spatial vortices (Abyss:3)
  A naga (Snake:3)
  An orc warrior (Orc:2)
  2 orc priests (Orc:2)
  2 orc wizards (Orc:2)
  2 orcs (Orc:2)
  A briar patch (Swamp:4)
31 creatures vanquished.

Vanquished Creatures (others)
  A deep elf zephyrmancer (Elf:1)
  A deep elf pyromancer (Elf:2)
  A spectral centaur (D:9)
  A bloated husk (Swamp:1)
  2 spriggans (Swamp:4)
  3 small abominations (Abyss:3)
  A briar patch (Swamp:4)
  A bush (Lair:4)
  8 foxfires
  16 fungi
  2 lurking horrors (Abyss:3)
  68 plants
  13 starspawn tentacles (Abyss:3)
118 creatures vanquished.

Grand Total: 1733 creatures vanquished

Notes
Turn   | Place    | Note
-------+----------+-------------------------------------------
     0 | D:1      | LLlMATKO the Minotaur Berserker began the quest for the
                  | Orb.
     0 | D:1      | Reached XP level 1. HP: 19/19 MP: 0/0
   362 | D:1      | Reached XP level 2. HP: 22/27 MP: 1/1
  1063 | D:1      | Reached XP level 3. HP: 33/33 MP: 2/2
  1203 | D:2      | Reached ** piety under Trog
  1447 | D:2      | Reached skill level 3 in Dodging
  1508 | D:2      | Reached XP level 4. HP: 41/41 MP: 3/3
  1607 | D:2      | Found Lugat's General Store.
  2540 | D:3      | Reached *** piety under Trog
  2733 | D:4      | Noticed a scorpion
  2739 | D:4      | Killed a scorpion
  2740 | D:4      | Reached XP level 5. HP: 30/47 MP: 4/4
  2884 | D:4      | Noticed a phantom
  2891 | D:4      | Killed a phantom
  2892 | D:4      | Reached skill level 5 in Fighting
  2892 | D:4      | Reached skill level 5 in Axes
  2892 | D:4      | Reached skill level 4 in Dodging
  2892 | D:4      | Reached XP level 6. HP: 56/56 MP: 5/5
  3243 | D:4      | You fall into a shaft and drop 1 floor!
  3243 | D:5      | Entered Level 5 of the Dungeon
  3479 | D:4      | Reached skill level 5 in Armour
  3479 | D:4      | Reached XP level 7. HP: 62/62 MP: 6/6
  3813 | D:4      | Noticed Pikel
  3832 | D:4      | Reached skill level 5 in Dodging
  3846 | D:4      | Killed Pikel
  3847 | D:4      | Reached XP level 8. HP: 55/71 MP: 7/7
  4052 | D:5      | Noticed Duvessa
  4053 | D:5      | Noticed Dowan
  4061 | D:5      | Killed Dowan
  4066 | D:5      | Killed Duvessa
  4067 | D:5      | Reached skill level 6 in Dodging
  4454 | D:5      | Noticed Grinder
  4580 | D:5      | Killed Grinder
  4729 | D:5      | Found a staircase to the Ecumenical Temple.
  5348 | D:6      | Reached XP level 9. HP: 44/81 MP: 8/8
  5613 | D:6      | Reached skill level 7 in Dodging
  6423 | D:7      | Reached **** piety under Trog
  7589 | D:8      | Reached skill level 8 in Dodging
  7604 | D:8      | Found a flagged portal.
  7616 | Bailey   | Entered a bailey
  7901 | Bailey   | Reached ***** piety under Trog
  7902 | Bailey   | Reached XP level 10. HP: 70/91 MP: 9/9
 10376 | D:9      | Found an ornate altar of the Wu Jian Council.
 10405 | D:9      | Found Jini's Jewellery Emporium.
 10406 | D:9      | Found Quunk's Book Shop.
 10512 | D:9      | Noticed Harold
 10523 | D:9      | Killed Harold
 10524 | D:9      | Reached skill level 10 in Fighting
 10524 | D:9      | Reached skill level 10 in Axes
 10524 | D:9      | Reached skill level 9 in Dodging
 10801 | D:9      | Found a runed translucent gate.
 10832 | D:9      | Found a runed translucent gate.
 10833 | D:9      | Found a runed translucent gate.
 10833 | D:9      | Noticed a spectral centaur warrior
 10834 | D:9      | Noticed Alarkh's ghost (novice DsEE)
 10845 | D:9      | Reached skill level 10 in Armour
 11276 | D:9      | Noticed a two-headed ogre
 11287 | D:9      | Killed a two-headed ogre
 11774 | D:10     | Entered Level 10 of the Dungeon
 11900 | D:10     | Reached XP level 11. HP: 98/101 MP: 10/10
 12781 | D:11     | Found a staircase to the Orcish Mines.
 12794 | D:11     | Found a staircase to the Lair.
 12804 | D:11     | Noticed Erolcha
 12813 | D:11     | Killed Erolcha
 12814 | D:11     | Reached skill level 10 in Dodging
 13219 | D:11     | Noticed a green ugly thing
 13227 | D:11     | Killed a green ugly thing
 13366 | D:11     | Noticed Grum
 13374 | D:11     | Killed Grum
 13444 | D:11     | Identified the +11 dagger of Fucaxuuc {heavy, Dex+3}
 13519 | D:11     | Found a runed translucent door.
 13519 | D:11     | Identified the +6 trident "Tuit" {venom, Str+3}
 13521 | D:11     | Noticed Termiter's ghost (journeyman DsNe)
 13522 | D:11     | Noticed a spriggan rider
 13827 | D:12     | Noticed Psyche
 13833 | D:12     | Killed Psyche
 13876 | D:12     | Received a gift from Trog
 14050 | D:12     | Noticed a two-headed ogre
 14060 | D:12     | Killed a two-headed ogre
 14095 | D:12     | Noticed a deep elf pyromancer
 14104 | D:12     | Killed a deep elf pyromancer
 14176 | D:12     | Noticed Maurice
 14178 | D:12     | Paralysed by Maurice for 3 turns
 14185 | D:12     | Killed Maurice
 14293 | D:12     | Noticed Joseph
 14307 | D:12     | Killed Joseph
 14308 | D:12     | Reached skill level 11 in Dodging
 14575 | D:12     | Noticed a two-headed ogre
 14579 | D:12     | Killed a two-headed ogre
 15024 | D:12     | Reached XP level 12. HP: 49/112 MP: 11/11
 15514 | D:13     | Identified the +0 scale mail of the Mind {Str-5 Int+2
                  | Dex+6}
 15728 | D:13     | Noticed a catoblepas
 15745 | D:13     | Killed a catoblepas
 16267 | D:9      | Bought a manual of Dodging for 880 gold pieces
 16370 | D:9      | Killed Alarkh's ghost
 16513 | D:11     | Reached skill level 12 in Dodging
 16521 | D:11     | Killed Termiter's ghost
 16967 | Lair:1   | Entered Level 1 of the Lair of Beasts
 16967 | Lair:1   | Found the +3 crown of Dyrovepreva {rElec Int+2 SInv}
 17026 | Lair:1   | Reached skill level 13 in Dodging
 17026 | Lair:1   | Reached XP level 13. HP: 113/123 MP: 12/12
 17342 | Lair:1   | Found an ornate altar of the Wu Jian Council.
 17344 | Lair:1   | Found a hide-covered altar of Uskayaw.
 17758 | Lair:2   | Found a staircase to the Swamp.
 17762 | Lair:2   | Reached skill level 14 in Dodging
 18223 | Lair:2   | Found a staircase to the Snake Pit.
 18682 | Lair:3   | Reached XP level 14. HP: 126/133 MP: 13/13
 18891 | Lair:3   | Reached skill level 15 in Dodging
 19910 | Lair:4   | Reached skill level 15 in Axes
 19985 | Lair:4   | Reached skill level 15 in Fighting
 20727 | Lair:5   | Entered Level 5 of the Lair of Beasts
 20759 | Lair:5   | Reached skill level 15 in Armour
 20759 | Lair:5   | Identified a scroll of acquirement
 20759 | Lair:5   | Acquired 1079 gold pieces
 20909 | Lair:5   | Reached skill level 16 in Dodging
 21661 | Lair:5   | Identified the +1 falchion of the Little People {heavy,
                  | rElec Int+2}
 21788 | Lair:5   | Found a viscous altar of Jiyva.
 21789 | Lair:5   | Found a staircase to the Slime Pits.
 21798 | Lair:5   | Reached skill level 17 in Dodging
 22109 | Orc:1    | Entered Level 1 of the Orcish Mines
 22497 | Orc:1    | Reached XP level 15. HP: 130/143 MP: 14/14
 22563 | Orc:1    | Found Heus's Distillery.
 22651 | Orc:1    | Found Ziunuij's Weapon Shoppe.
 22663 | Orc:1    | Found Zeoxkeh's Antique Weapon Shop.
 22679 | Orc:1    | Bought a crude sling for 214 gold pieces
 22679 | Orc:1    | Identified the +3 sling of Uncomfortable Rashes {heavy,
                  | Dex+3} (You bought it in a shop on level 1 of the Orcish
                  | Mines)
 23019 | Orc:2    | Entered Level 2 of the Orcish Mines
 23108 | Orc:2    | Received a gift from Trog
 23296 | Orc:1    | Found Peckuimi's Magic Scroll Shoppe.
 23321 | Orc:1    | Bought a scroll of acquirement for 520 gold pieces
 23321 | Orc:1    | Acquired the +8 orange crystal plate armour {Archmagi,
                  | Int+3 Clar}
 23321 | Orc:1    | Found the +8 orange crystal plate armour {Archmagi, Int+3
                  | Clar}
 23335 | Orc:1    | Found Zuxt's Weapon Boutique.
 23613 | Orc:2    | Found a staircase to the Elven Halls.
 23629 | Orc:2    | Received a gift from Trog
 23866 | Orc:2    | Found Abedwidd's Antique Armour Shop.
 23867 | Orc:2    | Found Duorangi's Antique Weapon Shop.
 23869 | Orc:2    | Found Umaisaup's General Store.
 23869 | Orc:2    | Found Derghapir's Jewellery Boutique.
 23875 | Orc:2    | Bought the amulet of the Tormentor {Reflect rElec SH+5} for
                  | 484 gold pieces
 24625 | D:14     | Identified the +0 ring mail of Sharp Lucidity {rElec Regen+
                  | Dex+2 SInv}
 24893 | D:14     | Received a gift from Trog
 24937 | D:14     | Found a gate to the Vaults.
 25321 | D:15     | Entered Level 15 of the Dungeon
 25390 | D:15     | Reached skill level 1 in Shields
 25422 | D:15     | Found Congau's Self-Improvement Boutique.
 25481 | D:15     | Bought a manual of Dodging for 1520 gold pieces
 25553 | D:15     | Reached skill level 18 in Dodging
 25665 | D:15     | Found a staircase to the Depths.
 25969 | D:15     | Identified the +2 leather armour of the Wilderness {SInv}
 25984 | D:15     | Reached XP level 16. HP: 155/155 MP: 15/15
 26295 | D:15     | Found a staircase to the Depths.
 26483 | D:15     | Found Congau's Self-Improvement Boutique.
 26937 | Swamp:1  | Entered Level 1 of the Swamp
 27179 | Swamp:1  | Found a runed translucent gate.
 27180 | Swamp:1  | Found a runed translucent gate.
 27181 | Swamp:1  | Found a runed translucent gate.
 27715 | Swamp:1  | Noticed darkwiz's ghost (journeyman DsCK)
 27716 | Swamp:1  | Noticed diceflayer's ghost (adept DsHu)
 27739 | Swamp:1  | Killed diceflayer's ghost
 27747 | Swamp:1  | Killed darkwiz's ghost
 28100 | Swamp:2  | Reached skill level 5 in Shields
 28106 | Swamp:2  | Received a gift from Trog
 28445 | Swamp:3  | Reached skill level 19 in Dodging
 28567 | Swamp:3  | Noticed Louise
 28590 | Abyss:3  | Cast into level 3 of the Abyss (Louise)
 28760 | Abyss:3  | Paralysed by accursed screaming for 1 turns
 28766 | Abyss:3  | Paralysed by accursed screaming for 1 turns
 29326 | Abyss:3  | Noticed a tentacled starspawn
 29336 | Abyss:3  | Killed a tentacled starspawn
 29340 | Abyss:3  | Found a corrupted altar of Lugonu.
 29382 | Abyss:3  | Found a corrupted altar of Lugonu.
 29394 | Abyss:3  | Noticed a tentacled starspawn
 29403 | Abyss:3  | Killed a tentacled starspawn
 29407 | Abyss:3  | Noticed an Executioner
 29413 | Abyss:3  | Killed an Executioner
 29418 | Swamp:3  | Escaped the Abyss
 29443 | Swamp:3  | Killed Louise
 29995 | Swamp:4  | Entered Level 4 of the Swamp
 30004 | Swamp:4  | Noticed a thorn hunter
 30019 | Swamp:4  | Killed a thorn hunter
 30058 | Swamp:4  | Found a frozen archway.
 30092 | IceCv    | Entered an ice cave
 30290 | IceCv    | Reached XP level 17. HP: 136/166 MP: 16/16
 30463 | IceCv    | Identified the +6 battleaxe of the Kidney {heavy, rPois}
                  | (Trog gifted it to you in an ice cave)
 30463 | IceCv    | Received a gift from Trog
 30746 | IceCv    | Reached skill level 20 in Dodging
 30888 | IceCv    | Noticed a shard shrike
 30906 | IceCv    | Killed a shard shrike
 31153 | IceCv    | Found the +6 lightning scales {swift, rElec}
 31154 | IceCv    | Found the +10 dark maul {heavy}
 32146 | Swamp:4  | Got a decaying rune of Zot
 32798 | Snake:1  | Entered Level 1 of the Snake Pit
 32872 | Snake:1  | Found Agrablox's General Store.
 33623 | Snake:2  | Reached skill level 21 in Dodging
 34052 | Snake:2  | Noticed Mlioglotl
 34061 | Snake:2  | Killed Mlioglotl
 34062 | Snake:2  | Reached XP level 18. HP: 176/176 MP: 17/17
 34498 | Snake:2  | Identified the +5 scale mail of Moral Flaws {*Corrode
                  | +Blink rF+ rC+ Slay+2}
 34512 | Snake:2  | Noticed Aizul
 34524 | Snake:2  | Killed Aizul
 34965 | Snake:3  | Noticed Vashnia
 34969 | Snake:3  | Reached skill level 10 in Shields
 35227 | Snake:3  | Killed Vashnia
 35371 | Snake:4  | Entered Level 4 of the Snake Pit
 35831 | Snake:3  | Identified the +2 battleaxe of the Whale {heavy, Dex+3}
                  | (Trog gifted it to you on level 3 of the Snake Pit)
 35831 | Snake:3  | Received a gift from Trog
 36789 | Snake:4  | Reached skill level 22 in Dodging
 37122 | Snake:4  | Received a gift from Trog
 37402 | Snake:4  | Found a runed translucent gate.
 37402 | Snake:4  | Found a runed translucent gate.
 37403 | Snake:4  | Found a runed translucent gate.
 37404 | Snake:4  | Noticed dxctxrx's ghost (adept SpEn)
 38327 | Snake:4  | Reached XP level 19. HP: 70/185 MP: 18/18
 38789 | Snake:4  | Received a gift from Trog
 39121 | Snake:4  | Got a serpentine rune of Zot
 39230 | Snake:4  | Killed dxctxrx's ghost
 39248 | Snake:4  | Identified the staff of air "Plog" {rElec rC+ Dex+5}
 39588 | Vaults:1 | Entered Level 1 of the Vaults
 39588 | Vaults:1 | You fall into a shaft and drop 1 floor!
 39588 | Vaults:2 | Found a staircase to the Crypt.
 39588 | Vaults:2 | Found a basalt altar of Yredelemnul.
 39588 | Vaults:2 | Found an ancient bone altar of Kikubaaqudgha.
 39872 | Vaults:1 | Found Plog's Distillery.
 40063 | Vaults:1 | Found a runed translucent gate.
 40063 | Vaults:1 | Found a runed translucent gate.
 40063 | Vaults:1 | Found a runed translucent gate.
 40063 | Vaults:1 | Noticed eruonna's ghost (veteran HOBe)
 40209 | Vaults:1 | Reached skill level 23 in Dodging
 40212 | Vaults:1 | Received a gift from Trog
 40321 | Abyss:3  | Found a corrupted altar of Lugonu.
 40321 | Abyss:3  | Cast into level 3 of the Abyss (a wizard)
 40672 | Abyss:3  | Noticed a bone dragon
 40686 | Abyss:3  | Killed a bone dragon
 40875 | Vaults:1 | Escaped the Abyss
 41942 | Vaults:1 | Noticed an ancient lich
 41956 | Vaults:1 | Killed an ancient lich
 41957 | Vaults:1 | Reached XP level 20. HP: 198/198 MP: 19/19
 42153 | Vaults:1 | Found a viscous altar of Jiyva.
 42356 | Vaults:1 | Killed eruonna's ghost
 42920 | Vaults:2 | Found Tazomous's Weapon Emporium.
 43487 | Vaults:2 | Reached ****** piety under Trog
 43496 | Vaults:2 | Received a gift from Trog
 43725 | D:15     | Bought a manual of Dodging for 1520 gold pieces
 44553 | Vaults:3 | Found a portal to a secret trove of treasure.
 44762 | Vaults:3 | Received a gift from Trog
 44816 | Vaults:3 | Reached skill level 24 in Dodging
 44919 | Abyss:3  | Found a burning altar of Makhleb.
 44919 | Abyss:3  | Found a burning altar of Makhleb.
 44919 | Abyss:3  | Found a burning altar of Makhleb.
 44919 | Abyss:3  | Found a burning altar of Makhleb.
 44919 | Abyss:3  | Cast into level 3 of the Abyss (a wizard)
 44953 | Abyss:3  | Found a corrupted altar of Lugonu.
 45196 | Abyss:3  | Paralysed by an air elemental for 1 turns
 45209 | Vaults:3 | Escaped the Abyss
 45413 | Vaults:3 | Received a gift from Trog
 45526 | Trove    | Entered a treasure trove
 45548 | Trove    | Identified the +1 hand axe "Peppomar" {flame, Str+5 Stlth+}
 45551 | Trove    | Identified the +5 demon whip "Togreck" {venom, rF+}
 45648 | Vaults:4 | Reached skill level 15 in Shields
 45673 | Vaults:4 | Reached XP level 21. HP: 207/207 MP: 20/20
 45848 | Vaults:4 | Identified the ring of Diqokh {rF+ Int+3}
 47017 | Elf:1    | Entered Level 1 of the Elven Halls
 47400 | Elf:1    | Found the +6 shillelagh "Devastator" {shatter}
 48093 | Elf:2    | Reached * piety under Trog
 48156 | Elf:1    | Found a radiant altar of Vehumet.
 48340 | Elf:2    | Noticed Donald
 48362 | Elf:2    | Killed Donald
 48463 | Elf:2    | Reached skill level 25 in Dodging
 48463 | Elf:2    | Found a runed translucent gate.
 48464 | Elf:2    | Found a runed translucent gate.
 48491 | Elf:2    | Found a runed translucent gate.
 49240 | Elf:3    | Entered Level 3 of the Elven Halls
 49241 | Elf:3    | Acquired 1196 gold pieces
 50299 | Elf:3    | Identified the +1 leather armour "Opral" {Will- rCorr Str+6
                  | Dex+4}
 50303 | Elf:3    | Received a gift from Trog
 50305 | Elf:3    | Reached XP level 22. HP: 176/217 MP: 21/21
 50327 | Elf:3    | HP: 10/217 [poisoned by a balrug]
 50327 | Elf:3    | HP: 3/217 [balrug/divine providence[a deep elf
                  | demonologist] (7)]
 50328 | Elf:3    | Identified the +1 quarterstaff of War {pain, *Noise Int+6}
 50330 | Elf:3    | Killed from afar by a deep elf death mage

Illustrated notes

Levels and vault maps discovered:
D:1:      nagdon_arrival_double_spiral, layout_loops_corners, dk_noncrumbling_4,
          minmay_misc_feat_rows, st_stairs_9, serial_bayou_lagoon_a,
          chequers_serial_rivers_room_b
D:2:      layout_basic, serial_shops, shop, st_stairs_9,
          minmay_misc_feat_plants, kennysheep_minor_cross, minmay_lizard_king
D:3:      layout_loops_cross, grunt_ministairs_12
D:4:      layout_cave_pools, chequers_decorated_corner, hex_tiny,
          grunt_ministairs_13, uniq_pikel
D:5:      layout_basic, minmay_temple_entry_sparse_star,
          lexackson_kobold_supper, uniq_duvessa, uniq_grinder
D:6:      layout_basic
D:7:      layout_loops_ring, serial_bayou_pond_c
D:8:      layout_basic, enter_bailey_5, kennysheep_potato
D:9:      layout_basic, nzn_wu_jian_contemplation, gammafunk_ghost_necromancy,
          nicolae_wooded_promenade, nicolae_figureground_pulse, uniq_harold
D:10:     layout_roguey
D:11:     layout_gridville, lair_entry_dummy, orc_0_dummy,
          ebering_ghost_funeral_grove, uniq_grum, uniq_erolcha
D:12:     layout_stronghold, minmay_sticks_and_stones, uniq_psyche, uniq_maurice
D:13:     layout_stronghold
D:14:     layout_loops_ring, grunt_vaults_entry_tiered, glass_columns_a,
          dk_noncrumbling_3
D:15:     hangedman_depths_entry_civil_slaughter, layout_gridville,
          chequers_avenue, nicolae_shop_self_help
Lair:1:   layout_roguey, nzn_masters_of_martial_movement,
          infiniplex_staircase_pool
Lair:2:   layout_hall_layers, skrybe_swamp_entry_bodies,
          guppyfry_snake_entry_island
Lair:3:   layout_gridlike, nicolae_lair_grazing_beasts
          [nicolae_sub_lair_graze_edge, nicolae_sub_lair_graze_edge,
          nicolae_sub_lair_graze_edge, nicolae_sub_lair_graze_edge]
Lair:4:   layout_regular_city, minmay_lair_oklob_items, grunt_megastairs_5
Lair:5:   grunt_lair_end_beastmaster, layout_loops_ring,
          minmay_slime_entry_pillars, serial_bayou_shore_b, lemuel_fruit_fields
Swamp:1:  layout_basic_swamp, gammafunk_ghost_cemetery,
          nicolae_swamp_feature_on_the_river_bank
Swamp:2:  layout_basic_swamp, hangedman_swamp_ruin_wall,
          nicolae_swamp_stuck_in_the_mud
Swamp:3:  layout_falls_marsh, evilmike_swamp_ruin_house_3, uniq_louise
Swamp:4:  swamp_alternative, layout_basic_swamp,
          portal_ice_cave_entry_ice_statue_two, swamp_pool1
Snake:1:  layout_onion_interference, serial_shops, nicolae_shop_crystal,
          grunt_megastairs_1
Snake:2:  layout_layer_cave, uniq_aizul, uniq_mlioglotl
Snake:3:  layout_onion, nicolae_snake_the_dead_are_slithering,
          nicolae_triple_integral, uniq_vashnia
Snake:4:  grunt_snake_rune_spirals, layout_onion_interference,
          ebering_ghost_rock_garden, nicolae_snake_coiling_death
Orc:1:    minmay_goldmine, layout_caves, serial_shops, shop,
          nicolae_shop_rolling_square, shop, nicolae_shop_hallway_plus,
          nicolae_shop_bloodbath_and_beyond, minmay_orc_keep
Orc:2:    st_orc_congregation, layout_diamond_mine, basic_altar
Elf:1:    minmay_roctagon, layout_rooms, hangedman_corner_corridor,
          dk_noncrumbling_2, nicolae_elf_m_pinch, lemuel_upstairs_altar
Elf:2:    nicolae_elf_blades_splatter_lattice
          [nicolae_blade_entry_area_security], layout_loops_cross,
          guppyfry_library_mini, uniq_donald
Elf:3:    minmay_elf_hall_four_x, layout_geoelf_octagon,
          amcnicky_mini_rare_corridor_liquid
Vaults:1: gammafunk_ghost_ooze, nicolae_vaults_heist,
          nicolae_vaults_more_shelving_2, nicolae_vaults_trapezoid_lopsided_1,
          hangedman_vaults_impose, v_alt_pattern_5, v_alt_pattern_6,
          nicolae_vaults_arrows, nicolae_vaults_network_square,
          nicolae_vaults_shelves_hall, ontoclasm_vaults_shout,
          nicolae_vaults_rhombus_6, layout_vaults_omnicross, serial_shops, shop
Vaults:2: nicolae_vaults_six-pack, nicolae_vaults_closet_pinwheel_6,
          nicolae_vaults_octothorpe, v_alt_pattern_3, v_misc_33,
          minmay_crypt_entry_necro_gods, nicolae_vaults_windows_and_doors_thing,
          hangedman_vaults_maws, nicolae_vaults_apartment_2,
          ontoclasm_vaults_gateway, nicolae_vaults_tetromino_T_1, serial_ice_g,
          nicolae_vaults_sealed_display, layout_vaults_ring, serial_shops,
          nicolae_shop_scrapyard
Vaults:3: nicolae_vaults_little_squares_4, v_misc_23,
          nicolae_vaults_closet_pinwheel_3, nicolae_vaults_tetromino_T_1,
          v_misc_19, nicolae_vaults_offset_grid_hallway_3,
          vaults_mumra_minichess_inversion, v_misc_25, nicolae_vaults_six-pack,
          nicolae_vaults_closet_pinwheel_3, grunt_vaults_bifocal,
          hangedman_vaults_stretched_pinwheel, hangedman_vaults_trim,
          nicolae_vaults_tetromino_T_1, st_eye, layout_vaults_maze_bifur,
          trove_entry_hex_spiral
Vaults:4: nicolae_vaults_little_squares_3, vaults_room_ringed_pool,
          ontoclasm_vaults_tryst, nicolae_vaults_back_hallway,
          vaults_dpeg_hooks, nicolae_vaults_wrenched, vaults_room_corners,
          nicolae_vaults_quartermaster, v_alt_pattern_4, layout_vaults_omnibox

Skill      XL: |  1  2  3  4  5  6  7  8  9 10 11 12 13 14 15 16 17 18 19 20 21 |
---------------+----------------------------------------------------------------+-----
Fighting       | 4 5 6 8 9 10 12 13 14 15 17 18 19 20 21 22 | 22.9
Axes           | 4 5 6 8 9 10 12 13 14 16 17 18 19 20 21 22 | 22.9
Armour         | 3 4 5 6 7 9 10 12 13 14 15 17 18 19 20 21 22 | 22.7
Dodging        | 3 4 5 6 8 9 11 13 14 17 18 19 21 22 23 24 25 | 25.6
Shields        | 2 7 9 11 13 15 16 | 16.4

Action                     |  1- 3 |  4- 6 |  7- 9 | 10-12 | 13-15 | 16-18 | 19-21 | 22-24 || total
---------------------------+-------+-------+-------+-------+-------+-------+-------+-------++-------
  Melee: Hand axe          |    98 |   120 |   115 |       |       |       |       |       ||   333
         Headbutt          |     6 |    25 |   211 |    62 |   185 |   337 |   391 |     6 ||  1223
         Punch             |       |       |    13 |     3 |     8 |       |       |       ||    24
         War axe           |       |       |   513 |   188 |       |       |       |       ||   701
         Broad axe         |       |       |       |   104 |   779 |  1289 |  1391 |    17 ||  3580
  Throw: Dart              |       |       |    13 |       |       |     1 |     9 |       ||    23
         Throwing net      |       |       |     2 |       |       |       |       |       ||     2
         Boomerang         |       |       |       |       |     1 |       |       |       ||     1
 Invoke: Berserk           |       |     3 |     6 |     9 |     7 |    12 |     6 |       ||    43
         Trog's Hand       |       |       |     1 |     2 |     2 |    11 |    10 |     1 ||    27
         Brothers in Arms  |       |       |       |     3 |     2 |     7 |     4 |     1 ||    17
  Evoke: Wand              |       |       |       |       |       |       |     1 |       ||     1
    Use: Scroll            |       |       |     7 |    17 |     4 |     4 |     1 |     3 ||    36
         Potion            |       |       |       |     2 |       |       |       |     2 ||     4
   Stab: Petrified         |       |       |       |       |    30 |       |       |       ||    30
         Petrifying        |       |       |       |       |     2 |       |       |       ||     2
         Distracted        |       |       |       |       |       |     3 |     1 |       ||     4
         Confused          |       |       |       |       |       |     2 |       |       ||     2
 Armour: Animal skin       |    12 |     6 |       |       |       |       |       |       ||    18
         Ring mail         |       |    26 |    71 |       |       |       |       |       ||    97
         Plate armour      |       |       |    67 |   146 |   283 |       |       |       ||   496
         Crystal plate arm |       |       |       |       |   148 |   572 |   327 |    13 ||  1060
  Dodge: Dodged            |    56 |    59 |   161 |   171 |   450 |   450 |   318 |    14 ||  1679
  Block: Kite shield       |       |       |       |       |    27 |   137 |       |       ||   164
         Other             |       |       |       |       |    20 |       |       |       ||    20
         Reflection        |       |       |       |       |     7 |   157 |    67 |       ||   231
         Tower shield      |       |       |       |       |       |   999 |   971 |    31 ||  2001
